 Dungeon Crawl Stone Soup version 0.29.1-1-gd02db6906a (webtiles) character file.

Game seed: 634770959691217366

182 H0rd4k the Insei (level 5, 0/33 HPs)
             Began as an Octopode Transmuter on Oct 17, 2022.
             Slain by a necrophage (8 damage)
             ... on level 4 of the Dungeon.
             The game lasted 00:03:45 (4549 turns).

H0rd4k the Insei (Octopode Transmuter)              Turns: 4549, Time: 00:03:45

Health: 0/33       AC:  1    Str:  9    XL:     5   Next: 62%
Magic:  8/8        EV: 13    Int: 24    God:
Gold:   169        SH:  0    Dex: 12    Spells: 7/8 levels left

rFire   . . .      SeeInvis .     - Unarmed
rCold   . . .      Faith    .   (no shield)
rNeg    . . .      Spirit   .   (helmet restricted)
rPois   .          Reflect  .   (no amulet)
rElec   .          Harm     .   o - +6 ring of intelligence
rCorr   .          Rampage  .   (no ring)
Will    .....                   (no ring)
Stlth   +++.......              (no ring)
HPRegen 0.11/turn               (no ring)
MPRegen 0.11/turn               (no ring)
                                (no ring)
                                (no ring)

@: no status effects
A: almost no armour, amphibious, 8 rings, camouflage 1, gelatinous body 1,
(nimble swimmer 1), tentacles
a: no special abilities


You were on level 4 of the Dungeon.
You visited 1 branch of the dungeon, and saw 4 of its levels.

You collected 169 gold pieces.

Inventory:

Armour
 l - an orb of light
Jewellery
 o - a +6 ring of intelligence (left tentacle)
Scrolls
 c - 2 scrolls of identify
 i - a scroll of magic mapping {unknown}
 n - a scroll of teleportation {unknown}
 p - a scroll of immolation {unknown}
 q - a scroll of fear {unknown}
Potions
 a - a potion of lignification
 b - 2 potions of haste
 d - 2 potions of might {unknown}
 e - a potion of heal wounds {unknown}
 f - 2 potions of flight {unknown}
 g - a potion of berserk rage {unknown}
 h - a potion of invisibility {unknown}
 j - 2 potions of attraction {unknown}
 k - a potion of mutation {unknown}
 m - 2 potions of curing {unknown}


   Skills:
 + Level 1.4 Fighting
 + Level 2.6 Dodging
 + Level 3.9 Stealth
 + Level 4.5 Unarmed Combat
 + Level 2.3 Spellcasting
 + Level 2.2 Transmutations


You had 7 spell levels left.
You knew the following spells:

 Your Spells              Type           Power      Damage    Failure   Level
a - Beastly Appendage     Tmut           26%        N/A       4%          1

Your spell library contained the following spells:

 Spells                   Type           Power      Damage    Failure   Level
 Wereblood                Tmut           13%        N/A       7%          2
 Passwall                 Tmut/Erth      6%         N/A       11%         2
 Sandblast                Erth           4%         2d4       12%         1
 Scorch                   Fire           4%         2d5       17%         2
 Spider Form              Tmut/Pois      8%         N/A       22%         3
 Stone Arrow              Conj/Erth      4%         3d7       34%         3
 Ice Form                 Ice/Tmut       8%         N/A       58%         4
 Flame Wave               Conj/Fire      2%         2d4       75%         4
 Summon Cactus Giant      Summ           1%         N/A       100%        6


Dungeon Overview and Level Annotations

Branches:
Dungeon (4/15)
 Temple: D:4-7

Altars:
Dithmenos
Vehumet

Annotations:
D:3 Grinder
D:4 Menkaure


Innate Abilities, Weirdness & Mutations

You cannot wear most types of armour.
You are amphibious.
You can wear up to eight rings at the same time.
Your skin changes colour to match your surroundings (Stealth+).
Your rubbery body absorbs attacks. (AC +1, EV +1)
((You are camouflaged when in or above water. (Stealth+)))
You have tentacles for arms and can constrict up to eight enemies at once.


Message History

The adder hisses angrily.
You tentacle-slap the dart slug. You grab the dart slug.
You pierce the dart slug.
The dart slug is severely wounded.
You constrict the dart slug.
The kobold throws a stone.
The stone barely misses you.
You tentacle-slap the dart slug.
You kill the dart slug!
Your transformation is almost over.
The kobold throws a stone.
The stone barely misses you. The necrophage closely misses you.
The necrophage attacks as you move away!
The necrophage hits you.
The necrophage attacks as you move away!
The necrophage hits you.
The necrophage attacks as you move away!
The necrophage closely misses you.
Your tentacle spike disappears.
The necrophage attacks as you move away!
The necrophage barely misses you.
The necrophage attacks as you move away!
The necrophage hits you!
* * * LOW HITPOINT WARNING * * *
The adder attacks as you move away! The adder bites you but does no damage.
Really wriggle into that teleport trap? [Y]es or [N]o only, please.
Really wriggle into that teleport trap?
The necrophage attacks as you move away!
The necrophage barely misses you.
You enter a teleport trap!
The teleport trap disappears.
Your surroundings seem slightly different.
You aren't carrying any items that you can evoke.
Unknown command.
As you read the scroll labelled GYANAG XOC, it crumbles to dust.
It is a scroll of identify.
b - 2 potions of haste The kobold throws a stone.
The stone misses you.
The necrophage attacks as you move away!
The necrophage hits you!
You die...

...#.............................
##.#..................##.........
...#..................##.........
#........########............$...
..............ยง..................
...................K.............
...............S.................
............).))n............####
................@..#######...#
#..................# #...#
#..................# #...#
#################### #...# #####


You could see a necrophage, an adder and a kobold.

Vanquished Creatures
  An orc priest (D:3)
  An iguana (D:3)
  4 adders
  3 dart slugs
  3 worms
  7 orcs
  3 ball pythons
  5 endoplasms
  4 giant cockroaches
  6 goblins
  4 hobgoblins
  4 jackals (D:3)
  10 kobolds
  3 quokkas
  6 bats
  3 frilled lizards
  A rat (D:2)
68 creatures vanquished.

Notes
Turn   | Place    | Note
-------+----------+-------------------------------------------
     0 | D:1      | H0rd4k the Octopode Transmuter began the quest for the Orb.
     0 | D:1      | Reached XP level 1. HP: 13/13 MP: 3/3
   495 | D:1      | Reached XP level 2. HP: 16/18 MP: 5/5
  1356 | D:1      | Reached skill level 1 in Stealth
  1556 | D:2      | Reached XP level 3. HP: 23/23 MP: 6/6
  2295 | D:2      | Reached XP level 4. HP: 25/28 MP: 7/7
  2352 | D:2      | Identified the +2 pair of gloves of the Changing Gods
                  | {Str-5 Int+7 Dex+5}
  2768 | D:2      | Identified the +1 robe of Iroq {Int+3}
  2934 | D:3      | Reached skill level 4 in Unarmed Combat
  3550 | D:3      | Noticed Grinder
  3658 | D:3      | Reached XP level 5. HP: 6/33 MP: 6/8
  4201 | D:3      | Found a radiant altar of Vehumet.
  4228 | D:3      | Found a shadowy altar of Dithmenos.
  4347 | D:3      | Found a faded altar of an unknown god.
  4465 | D:4      | Noticed Menkaure
  4549 | D:4      | Slain by a necrophage

Illustrated notes

Levels and vault maps discovered:
D:1:      lightli_arrival_flooded_house, layout_basic
D:2:      minmay_wonky_spiral, layout_loops_corners
D:3:      layout_basic, nicolae_overflow_hidden_temple,
          hellmonk_ecumenical_altar_heavens_door, uniq_grinder
D:4:      layout_basic, uniq_menkaure

Skill      XL: |  1  2  3  4 |
---------------+-------------+-----
Stealth        | 1 2 3 |  3.9
Unarmed Combat | 4 |  4.5
Fighting       | |  1.4
Dodging        | |  2.6
Spellcasting   | |  2.3
Transmutations | |  2.2

Action                   |  1- 3 |  4- 6 || total
-------------------------+-------+-------++-------
Melee: Unarmed           |    65 |    87 ||   152
       Constrict         |    22 |    28 ||    50
       Tentacles         |    15 |    22 ||    37
       Punch             |     2 |     2 ||     4
       Kick              |     1 |    24 ||    25
 Cast: Beastly Appendage |     1 |     9 ||    10
  Use: Scroll            |       |     1 ||     1
 Stab: Sleeping          |    13 |     3 ||    16
Armor: Skin              |     5 |     7 ||    12
Dodge: Dodged            |    28 |    61 ||    89
